 Dungeon Crawl Stone Soup version 0.30.1-3-gfc49f6343a (webtiles) character file.

Game seed: 4659146780315561279

44 shmup the Firebug (level 3, -1/19 HPs)
             Began as a Tengu Fire Elementalist on July 26, 2023.
             Slain by an adder (3 damage)
             ... on level 1 of the Dungeon.
             The game lasted 00:02:08 (1186 turns).

shmup the Firebug (Tengu Fire Elementalist)         Turns: 1186, Time: 00:02:08

Health: -1/19      AC:  2    Str:  8    XL:     3   Next: 60%
Magic:  3/7        EV: 12    Int: 17    God:
Gold:   42         SH:  0    Dex: 14    Spells: 3/6 levels left

rFire   . . .        c - +0 dagger
rCold   . . .        (no shield)
rNeg    . . .        a - +0 robe
rPois   .            (helmet restricted)
rElec   .            (no cloak)
rCorr   .            (no gloves)
SInv    .            (boots unavailable)
Will    .....        (no amulet)
Stlth   ++           (no ring)
HPRegen 0.23/turn    (no ring)
MPRegen 0.10/turn

%: no passive effects
@: lethally poisoned (-1 -> -3), very slightly contaminated
A: beak, talons 3
a: no special abilities


You were on level 1 of the Dungeon.
You visited 1 branch of the dungeon, and saw 2 of its levels.

You collected 42 gold pieces.

Inventory:

Hand Weapons
 c - a +0 dagger (weapon)
Missiles
 d - 3 silver javelins (quivered)
 f - 4 stones
Armour
 a - a +0 robe (worn)
Scrolls
 h - 2 scrolls of identify {unknown}
 i - a scroll of immolation {unknown}
 j - a scroll of poison {unknown}
Potions
 b - a potion of magic
 e - a potion of resistance {unknown}
 g - 2 potions of curing {unknown}


   Skills:
 - Level 2.1 Dodging
 - Level 2.0 Stealth
 - Level 2.0 Spellcasting
 + Level 2.7 Conjurations
 * Level 4.5 Fire Magic


You had 3 spell levels left.
You knew the following spells:

 Your Spells              Type           Power      Damage    Failure   Level
a - Foxfire               Conj/Fire      52%        2x1d6     4%          1
b - Scorch                Fire           34%        2d6       4%          2

Your spell library contained the following spells:

 Spells                   Type           Power      Damage    Failure   Level
 Inner Flame              Hex/Fire       9%         N/A       22%         3
 Volatile Blastmotes      Fire/Tloc      18%        2d11      22%         3
 Lesser Beckoning         Tloc           2%         N/A       28%         2
 Gell's Gravitas          Tloc           1%         N/A       50%         3
 Teleport Other           Tloc           1%         N/A       50%         3
 Flame Wave               Conj/Fire      13%        2d6       41%         4


Dungeon Overview and Level Annotations

Branches:
Dungeon (2/15)

Altars:


Innate Abilities, Weirdness & Mutations

You have a beak for a mouth.
You have claws for feet.


Message History

Confirm with . or Enter, or press ? or * to list all spells.
You conjure some foxfire!
The foxfire hits the adder.
The adder is lightly wounded.
The giant cockroach barely misses you. The adder barely misses you.
The goblin hits you but does no damage.
The foxfire hits the giant cockroach.
You kill the giant cockroach!
The adder bites you. x2; The goblin closely misses you.
The adder bites you but does no damage.
Casting: Foxfire (safe; 4% risk of failure)
Confirm with . or Enter, or press ? or * to list all spells.
You conjure some foxfire!
The adder bites you but does no damage. The adder bites you.
The adder closely misses you. The goblin completely misses you.
The foxfire hits the adder.
The adder is heavily wounded.
The foxfire hits the goblin.
You kill the goblin!
The adder bites you.
* * * LOW HITPOINT WARNING * * *
The adder misses you.
Casting: Foxfire (safe; 4% risk of failure)
Confirm with . or Enter, or press ? or * to list all spells.
You miscast Foxfire.
You are very lightly contaminated with residual magic.
Nothing appears to happen.
The adder misses you. The adder barely misses you.
The adder bites you but does no damage. x2; The adder bites you.
* * * LOW HITPOINT WARNING * * *
You are poisoned.
The adder poisons you! The adder closely misses you.
You feel sick. The adder bites you.
* * * LOW HITPOINT WARNING * * *
The adder barely misses you.
You climb upwards.
* * * LOW HITPOINT WARNING * * *
You feel sick.
There is a stone staircase leading down here.
* * * LOW HITPOINT WARNING * * *
You feel sick. The adder barely misses you. The adder bites you.
You die...

~~~P▒▒▒▒▒PP~PP.▒ ▒...▒.▒.▒.▒...
.7~P...▒▒PP~P~P▒ ▒.▒▒▒.'.▒...<.
~P~~....▒P~7P~▒▒ ▒.▒ ▒.▒.▒.▒...
~~7~.▒▒.P.~~.P▒▒▒▒▒▒.▒▒▒.▒.▒.▒...
PP7~~..▒.~~P~.........>▒.▒.▒.▒▒▒▒
PP77PP~.P~7~P..▒▒▒▒▒.▒...▒.▒.....
PP7~~PPPP7PP▒..[▒▒...▒.▒.▒.▒▒▒▒.▒
▒P~~~7P77~.~...S>S.▒▒▒.▒.▒.......
▒~.~~~7~~~.▒▒▒.▒Q▒▒▒ ▒.▒.▒▒▒▒▒▒▒▒
▒▒.P7~7~~~.▒ ▒.▒.▒ ▒.▒.........
▒PP~~77~.▒▒ ▒.▒.▒ ▒.▒▒▒▒▒▒▒▒.▒
▒.~P~~~PP▒ ▒.▒.▒ ▒.▒▒▒▒▒▒▒▒.▒
▒▒~PP~~~.▒▒▒▒.▒.▒ ▒..........▒
▒▒~P~~P......▒.▒ ▒▒▒▒.▒▒▒▒▒▒▒
▒▒▒▒▒▒▒▒▒▒▒.▒.▒ ▒%▒ ▒.▒.▒ ▒.▒
▒.▒.▒ ▒.▒


You could see 2 adders.

Vanquished Creatures
  An adder (D:2)
  A dart slug (D:1)
  2 bats (D:1)
  2 endoplasms (D:1)
  A giant cockroach (D:2)
  6 hobgoblins (D:1)
  2 quokkas (D:1)
  4 ball pythons (D:1)
  3 goblins
  3 kobolds (D:1)
  7 rats (D:1)
32 creatures vanquished.

Vanquished Creatures (collateral kills)
  6 foxfires (D:1)
6 creatures vanquished.

Vanquished Creatures (others)
  62 foxfires
62 creatures vanquished.

Grand Total: 100 creatures vanquished

Notes
Turn   | Place    | Note
-------+----------+-------------------------------------------
     0 | D:1      | shmup the Tengu Fire Elementalist began the quest for the
                  | Orb.
     0 | D:1      | Reached XP level 1. HP: 10/10 MP: 4/4
   161 | D:1      | Reached XP level 2. HP: 15/15 MP: 3/6
   166 | D:1      | Learned a level 2 spell: Scorch
   488 | D:1      | Reached skill level 4 in Fire Magic
   682 | D:1      | Reached XP level 3. HP: 19/19 MP: 4/7
  1186 | D:1      | Slain by an adder

Illustrated notes

Levels and vault maps discovered:
D:1:      matt_arrival_refuge, layout_basic, serial_bayou_lagoon_a,
          minmay_shallow_snake_nest
D:2:      layout_rooms, shapermc_ecumenical_altar_venn

Skill      XL: |  1  2 |
---------------+-------+-----
Conjurations   | 2 |  2.7
Fire Magic     | 4 |  4.5
Dodging        | |  2.1
Stealth        | |  2.0
Spellcasting   | |  2.0

Action                     || total
---------------------------++-------
  Melee: Dagger            ||    22
         Kick              ||     5
         Peck              ||     1
   Cast: Foxfire           ||    37
 Armour: Robe              ||    10
  Dodge: Dodged            ||    32
